[Event "Titled Tuesday Blitz January 10 Early 2023"]
[White "Begmuratov, Khumoyun"]
[Black "Fisher_TheGalactic"]
[WhiteFideId "14210207"]
[WhiteElo "2387"]
[BlackElo "2530"]
[Result "1-0"]
[Round "09"]
[TimeControl "180+2"]
[Date "2023.01.10"]
[WhiteClock "0:00:40"]
[BlackClock "0:00:01"]

1. e4 b6 2. Nc3 Bb7 3. d4 e6 4. Bd3 Bb4 5. Ne2 Nf6 6. O-O d5 7. exd5 exd5 8. Ng3 O-O 9. Bg5 Nbd7 10. Nf5 Be7 11. Re1 Re8 12. Qf3 Bf8 13. Qh3 c5 14. b3 cxd4 15. Nb5 a6 16. Rxe8 Qxe8 17. Nc7 Qe5 18. Nxa8 Bxa8 19. f4 Qe6 20. Nxd4 Qxh3 21. gxh3 Bc5 22. c3 Ne4 23. b4 Bxd4+ 24. cxd4 h6 25. Bh4 1-0


[Site "https://www.chess.com"]

[Event "Titled Tuesday Blitz January 10 Early 2023"]
[White "Ordekalog"]
[Black "Rangel, Daniel"]
[BlackFideId "2124475"]
[WhiteElo "2635"]
[BlackElo "2207"]
[Result "0-1"]
[Round "09"]
[TimeControl "180+2"]
[Date "2023.01.10"]
[WhiteClock "0:00:37"]
[BlackClock "0:00:36"]

1. e4 c5 2. d3 g6 3. g3 Bg7 4. Bg2 Nc6 5. f4 d6 6. Nf3 Rb8 7. O-O b5 8. c3 b4 9. e5 dxe5 10. Ng5 Bb7 11. Qa4 Qd7 12. Nxf7 Kxf7 13. fxe5+ Ke8 14. e6 Qxe6 15. Bf4 Rc8 16. Nd2 Qd7 17. Ne4 Nd8 18. Qxd7+ Kxd7 19. Bh3+ e6 20. Nd6 Rc6 21. Bg2 Rxd6 22. Bxd6 Bxg2 23. Kxg2 Kxd6 24. cxb4 cxb4 25. Rac1 Ne7 26. Rc4 Nec6 27. a3 a5 28. axb4 axb4 29. b3 Rf8 30. Rfc1 Bc3 31. Rc2 Nd4 32. Ra2 N8c6 33. Ra6 Rc8 0-1


[Site "https://www.chess.com"]

[Event "Titled Tuesday Blitz January 10 Early 2023"]
[White "Gaitan, Juan Manuel"]
[Black "Hsu, Li Yang"]
[WhiteFideId "121657"]
[BlackFideId "5800080"]
[WhiteElo "2328"]
[BlackElo "2427"]
[Result "1-0"]
[Round "09"]
[TimeControl "180+2"]
[Date "2023.01.10"]
[WhiteClock "0:00:30"]
[BlackClock "0:00:03"]

1. d4 Nf6 2. c4 c5 3. d5 b5 4. cxb5 a6 5. bxa6 Bxa6 6. Nc3 d6 7. e4 Bxf1 8. Kxf1 g6 9. Nf3 Bg7 10. g3 O-O 11. Kg2 Nbd7 12. Qe2 Qb6 13. a4 Rfb8 14. Ra3 Ne8 15. Re1 Nc7 16. Nd2 Qa6 17. Nc4 Nb6 18. Nxb6 Rxb6 19. Qf3 Rb4 20. h4 Bxc3 21. bxc3 Rxa4 22. Rxa4 Qxa4 23. e5 Re8 24. Bf4 Qc4 25. Re4 Qxd5 26. exd6 Ne6 27. dxe7 Rxe7 28. Be3 Rb7 29. c4 Qc6 30. h5 Rc7 31. h6 f5 32. Rxe6 Qxe6 33. Qa8+ Rc8 34. Qa7 Qc6+ 35. Kh2 Qc7 36. Qa1 Qf7 37. Qa6 Qc7 38. Qe6+ Kf8 39. Bf4 Qc6 40. Bd6+ 1-0


[Site "https://www.chess.com"]

[Event "Titled Tuesday Blitz January 10 Early 2023"]
[White "Volkov, Maksim"]
[Black "Defend, Balint"]
[WhiteFideId "54123070"]
[BlackFideId "17004853"]
[WhiteElo "2258"]
[BlackElo "1673"]
[Result "1-0"]
[Round "09"]
[TimeControl "180+2"]
[Date "2023.01.10"]
[WhiteClock "0:00:56"]
[BlackClock "0:00:13"]

1. d4 Nf6 2. c4 e6 3. g3 d5 4. Nf3 dxc4 5. Bg2 Bb4+ 6. Bd2 a5 7. Qc2 Bxd2+ 8. Qxd2 O-O 9. Na3 Qd5 10. O-O b5 11. Ng5 b4 12. Bxd5 exd5 13. Nb5 Na6 14. a3 Bd7 15. a4 h6 16. Nf3 Rfe8 17. Ne5 Re7 18. f3 Rd8 19. Na7 Re6 20. Rfe1 Be8 21. e4 dxe4 22. Nxc4 c6 23. fxe4 Re7 24. Nxc6 Bxc6 25. d5 Ba8 26. d6 Re6 27. e5 Ne4 28. Rxe4 Bxe4 29. Qd4 Bb7 30. Nxa5 Bc8 31. Nc6 Rd7 32. Ne7+ Rexe7 33. dxe7 Rxd4 34. e8=Q+ 1-0


[Site "https://www.chess.com"]

[Event "Titled Tuesday Blitz January 10 Early 2023"]
[White "Khamdamova, Afruza"]
[Black "Korchmar, Vasiliy"]
[WhiteFideId "14210444"]
[BlackFideId "24131750"]
[WhiteElo "2162"]
[BlackElo "2438"]
[Result "1-0"]
[Round "09"]
[TimeControl "180+2"]
[Date "2023.01.10"]
[WhiteClock "0:01:58"]
[BlackClock "0:02:07"]

1. e4 e6 2. d4 d5 3. Nd2 c5 4. Ngf3 Nc6 5. exd5 exd5 6. Bb5 cxd4 7. Nb3 Bd6 8. O-O Nf6 9. Re1+ Be6 10. Nbxd4 O-O 11. Nxe6 fxe6 12. Rxe6 Kh8 13. Bg5 Qd7 14. Re1 Ne4 15. Bh4 Bc5 16. Rxe4 a6 17. Bxc6 Qxc6 18. Re1 Rf5 19. Bg3 Raf8 20. Nd4 Bxd4 21. Qxd4 Qxc2 22. Rac1 Qe4 23. Rxe4 dxe4 24. Qxe4 h6 25. Qxb7 a5 26. Rc8 a4 27. Rxf8+ Rxf8 28. Be5 Rd8 29. Qxg7# 1-0


[Site "https://www.chess.com"]

[Event "Titled Tuesday Blitz January 10 Early 2023"]
[White "Berezin, Viktor"]
[Black "Tologon tegin, Semetei"]
[WhiteFideId "14107872"]
[BlackFideId "13800574"]
[WhiteElo "2307"]
[BlackElo "2372"]
[Result "1-0"]
[Round "09"]
[TimeControl "180+2"]
[Date "2023.01.10"]
[WhiteClock "0:00:04"]
[BlackClock "0:00:01"]

1. d4 Nf6 2. Nf3 e6 3. c4 Bb4+ 4. Nbd2 b6 5. g3 Bb7 6. Bg2 O-O 7. O-O d5 8. a3 Bd6 9. b4 a5 10. Rb1 axb4 11. axb4 Nbd7 12. c5 Be7 13. Re1 c6 14. e4 bxc5 15. e5 Ne4 16. Nxe4 dxe4 17. Rxe4 cxb4 18. Rg4 Re8 19. Bh6 g6 20. h4 c5 21. h5 cxd4 22. hxg6 hxg6 23. Qxd4 Nc5 24. Qf4 Nd3 25. Qe3 Ra3 26. Rd4 Qc7 27. Rxd3 Qc2 28. Rbd1 Bc5 29. Qd2 Qxd2 30. R3xd2 b3 31. Nd4 Bxg2 32. Kxg2 Rd8 33. Nxb3 Rxd2 34. Nxd2 Rd3 35. Kf1 Rd5 36. Ke2 1-0


[Site "https://www.chess.com"]

[Event "Titled Tuesday Blitz January 10 Early 2023"]
[White "Djokovic, Nebojsa"]
[Black "Krienke, Makaio"]
[WhiteFideId "938300"]
[BlackFideId "2038854"]
[WhiteElo "2119"]
[BlackElo "2115"]
[Result "0-1"]
[Round "09"]
[TimeControl "180+2"]
[Date "2023.01.10"]
[WhiteClock "0:00:01"]
[BlackClock "0:00:40"]

1. e4 e5 2. Nf3 Nc6 3. Bb5 a6 4. Ba4 Nf6 5. O-O Be7 6. d3 b5 7. Bb3 d6 8. a3 Na5 9. Ba2 c5 10. Nc3 O-O 11. b4 Nc6 12. Nd5 Be6 13. Bd2 Re8 14. h3 h6 15. c3 Bf8 16. Qc2 a5 17. a4 axb4 18. axb5 bxc3 19. bxc6 cxd2 20. c7 Qc8 21. Nb6 Rxa2 22. Rxa2 Qxc7 23. Nc4 d5 24. exd5 Nxd5 25. Qxd2 e4 26. dxe4 Nb4 27. Rc2 Nxc2 28. Qxc2 Qf4 29. Nfd2 g6 30. Re1 Bg7 31. Nb3 Rb8 32. Nxc5 Bxh3 33. Nd3 Qg5 34. f4 Qg3 35. Kh1 Bxg2+ 36. Qxg2 Qxd3 37. Ne3 Rb2 38. Qf3 Bd4 39. f5 Qd2 40. Rf1 Qh2# 0-1


[Site "https://www.chess.com"]

[Event "Titled Tuesday Blitz January 10 Early 2023"]
[White "Ronka, Erik"]
[Black "Maksimenko, Viktor"]
[WhiteFideId "505080"]
[BlackFideId "13710478"]
[WhiteElo "2276"]
[BlackElo "2196"]
[Result "0-1"]
[Round "09"]
[TimeControl "180+2"]
[Date "2023.01.10"]
[WhiteClock "0:00:02"]
[BlackClock "0:00:39"]

1. e4 e5 2. Nf3 Nc6 3. Bb5 a6 4. Ba4 Nf6 5. O-O b5 6. Bb3 Bc5 7. c3 d6 8. d4 Bb6 9. Be3 O-O 10. Nbd2 Rb8 11. a3 h6 12. h3 Re8 13. Re1 Bb7 14. Bc2 Na5 15. b4 Nc6 16. d5 Bxe3 17. Rxe3 Ne7 18. Ne1 c6 19. c4 bxc4 20. dxc6 Nxc6 21. Nxc4 Nd4 22. Na5 Ba8 23. Nf3 Nxf3+ 24. Qxf3 d5 25. exd5 Nxd5 26. Ree1 Nxb4 27. Be4 Nc2 28. Red1 Qxa5 29. Rd7 Rf8 30. Bxa8 Rxa8 31. Rc1 Nd4 32. Qe4 Qb5 33. Rd5 Ne2+ 0-1


[Site "https://www.chess.com"]

[Event "Titled Tuesday Blitz January 10 Early 2023"]
[White "Yaksin, Oleg"]
[Black "Kuznetsova, Olga"]
[WhiteFideId "24105880"]
[BlackFideId "4191323"]
[WhiteElo "2389"]
[BlackElo "2142"]
[Result "0-1"]
[Round "09"]
[TimeControl "180+2"]
[Date "2023.01.10"]
[WhiteClock "0:00:08"]
[BlackClock "0:00:21"]

1. Nf3 d5 2. g3 Nf6 3. Bg2 e6 4. O-O Be7 5. c4 O-O 6. d4 dxc4 7. Qc2 a6 8. a4 Bd7 9. Rd1 Bc6 10. Bg5 Nbd7 11. Qxc4 h6 12. Bxf6 Nxf6 13. Nc3 Qd6 14. Qd3 Rfd8 15. e4 Qb4 16. Ne5 Be8 17. Qe3 c5 18. d5 exd5 19. exd5 Bd6 20. Nd3 Qa5 21. Rac1 Rac8 22. b3 c4 23. b4 Qc7 24. Nf4 Bxb4 25. d6 Bxd6 26. Nfd5 Nxd5 27. Nxd5 Qc5 28. Qe4 Bxa4 29. Rd4 Bc6 30. Rdxc4 Qa3 31. Qf5 Re8 32. Be4 Rxe4 33. Qxe4 Re8 34. Qf5 Re5 35. Qc8+ Kh7 36. Nf4 Qf3 37. Rxc6 bxc6 38. Qxc6 Qxc6 39. Rxc6 Re1+ 40. Kg2 Bxf4 41. gxf4 Ra1 42. Rc7 f6 43. Ra7 Kg6 44. Kf3 Ra4 45. Kg4 h5+ 46. Kg3 Ra3+ 47. f3 a5 48. Rb7 a4 49. Rb5 Rb3 50. f5+ Kg5 51. h4+ Kh6 52. Ra5 a3 53. Ra8 Kh7 54. Ra7 Rc3 55. Ra5 Kg8 56. Ra7 Kf8 57. Ra8+ Ke7 58. Ra7+ Kd6 59. Rxg7 Rc7 60. Rg6 Ke5 61. Rg8 Ra7 62. Re8+ Kd4 63. Re1 a2 64. Ra1 Kc3 65. Kf4 Ra4+ 66. Ke3 Kb2 67. Rd1 a1=Q 68. Rxa1 Kxa1 0-1


[Site "https://www.chess.com"]

[Event "Titled Tuesday Blitz January 10 Early 2023"]
[White "Sihite, Chelsie Monica Ignesias"]
[Black "Melian, Juan Sebastian"]
[WhiteFideId "7101198"]
[BlackFideId "3706575"]
[WhiteElo "2266"]
[BlackElo "2293"]
[Result "1-0"]
[Round "09"]
[TimeControl "180+2"]
[Date "2023.01.10"]
[WhiteClock "0:02:27"]
[BlackClock "0:01:13"]

1. c4 e6 2. g3 Nf6 3. Bg2 d5 4. cxd5 exd5 5. Nf3 Be7 6. O-O O-O 7. d4 c5 8. Nc3 Nc6 9. h3 h6 10. Be3 c4 11. Rc1 Rb8 12. b3 b5 13. Ne5 Qb6 14. bxc4 bxc4 15. Nxd5 Nxd5 16. Bxd5 Nb4 17. Bg2 Nxa2 18. Rxc4 Be6 19. d5 Qd6 20. Bf4 g5 21. Nxf7 Qa6 22. Rc6 Qb5 23. Nxh6+ Kh7 24. Bxb8 1-0


[Site "https://www.chess.com"]

[Event "Titled Tuesday Blitz January 10 Early 2023"]
[White "Ibarra Jerez, Jose Carlos"]
[Black "marik_spb"]
[WhiteFideId "2226332"]
[WhiteElo "2563"]
[BlackElo "2432"]
[Result "0-1"]
[Round "09"]
[TimeControl "180+2"]
[Date "2023.01.10"]
[WhiteClock "0:00:06"]
[BlackClock "0:00:03"]

1. e4 c6 2. Nf3 d5 3. d3 dxe4 4. dxe4 Qxd1+ 5. Kxd1 Bg4 6. Be2 Nd7 7. Ne1 Ngf6 8. Bxg4 Nxg4 9. Ke2 O-O-O 10. f3 Nge5 11. Be3 e6 12. Nd2 Bc5 13. Bf4 Ng6 14. Bg3 h5 15. h4 Nde5 16. a4 Rd7 17. Nb3 Be7 18. Nd3 Nxd3 19. cxd3 Rhd8 20. d4 e5 21. a5 exd4 22. Kd3 Bd6 23. Bxd6 Rxd6 24. Kd2 d3 25. Rac1 b6 26. g3 Ne5 27. Rhf1 Kb7 28. Rc3 c5 29. f4 Ng4 30. e5 Rd5 31. Rf3 f6 32. e6 Re8 33. f5 Ne5 34. Rf4 c4 35. Nd4 Red8 36. Nf3 Nxf3+ 37. Rxf3 b5 38. b4 Kc6 39. Rc1 Re5 40. Re3 Kd5 41. Rce1 Rxf5 42. e7 Re8 43. Re4 Re5 44. Rxe5+ fxe5 45. Rf1 Rxe7 46. Ke3 e4 47. Rf5+ Re5 48. Rf8 c3 49. Rc8 c2 50. a6 Re6 51. Rc5+ Kd6 52. Rc8 Re7 53. Rc5 Rc7 0-1


[Site "https://www.chess.com"]

[Event "Titled Tuesday Blitz January 10 Early 2023"]
[White "Ladan, Nicholas"]
[Black "Ioannidis, Evgenios"]
[WhiteFideId "30918855"]
[BlackFideId "4229274"]
[WhiteElo "2228"]
[BlackElo "2467"]
[Result "1-0"]
[Round "09"]
[TimeControl "180+2"]
[Date "2023.01.10"]
[WhiteClock "0:00:14"]
[BlackClock "0:00:55"]

1. b4 e5 2. Bb2 Bxb4 3. Bxe5 Nf6 4. c3 Be7 5. Nf3 O-O 6. d4 d6 7. Bg3 c5 8. Nbd2 Nc6 9. e4 cxd4 10. cxd4 d5 11. e5 Ne4 12. Bd3 Bf5 13. Qb1 Qa5 14. O-O Bb4 15. Nxe4 dxe4 16. Bxe4 Bg6 17. Bxg6 hxg6 18. Qe4 Rad8 19. Rad1 Qxa2 20. d5 Qb3 21. Rd3 Qc2 22. Rfd1 Ne7 23. Qxb4 Nf5 24. Qd2 Qc5 25. d6 Rc8 26. d7 Rcd8 27. Bh4 Nxh4 28. Nxh4 Qxe5 29. Nf3 Qf5 30. Qg5 Qe6 31. Qh4 f6 32. Qd4 Rf7 33. Qxa7 Rfxd7 34. Rxd7 Rxd7 35. Rxd7 Qxd7 36. h3 g5 37. Qd4 Qc6 38. Nd2 Qc1+ 39. Kh2 Qc7+ 40. g3 Qc2 41. Ne4 b5 42. Qd5+ Kh7 43. Qf5+ Kh8 44. Nd6 Qxf5 45. Nxf5 b4 46. Nd4 Kg8 47. Kg2 g6 48. Kf3 Kg7 49. Ke4 Kh6 50. Kd5 Kh5 51. Ke6 f5 52. Ke5 Kh6 53. Kd5 Kh5 54. Kc4 g4 55. h4 f4 56. Ne2 fxg3 57. fxg3 g5 58. hxg5 Kxg5 59. Kxb4 Kf5 60. Nc3 Ke5 61. Kc4 Kf5 62. Kd3 Ke5 63. Ke3 Kf5 64. Ne2 Ke5 65. Nf4 Kf6 66. Kd4 Kf5 67. Kd5 1-0


[Site "https://www.chess.com"]

[Event "Titled Tuesday Blitz January 10 Early 2023"]
[White "Vagman, Roy"]
[Black "Goryachkina, Aleksandra"]
[WhiteFideId "2828995"]
[BlackFideId "4147103"]
[WhiteElo "2273"]
[BlackElo "2571"]
[Result "0-1"]
[Round "09"]
[TimeControl "180+2"]
[Date "2023.01.10"]
[WhiteClock "0:00:08"]
[BlackClock "0:00:10"]

1. c4 Nf6 2. Nc3 c5 3. g3 Nc6 4. Bg2 g6 5. Nf3 Bg7 6. O-O O-O 7. d3 d5 8. cxd5 Nxd5 9. Bd2 Bg4 10. h3 Bxf3 11. Bxf3 e6 12. Bg2 Qd7 13. Rc1 b6 14. Qa4 Rac8 15. Nxd5 exd5 16. Bc3 Rfd8 17. Kh2 Qe7 18. Rce1 Qd6 19. Bxg7 Kxg7 20. e3 Ne5 21. Rd1 Qe6 22. d4 Nc6 23. dxc5 bxc5 24. Rd2 d4 25. Bxc6 Qxc6 26. Qxc6 Rxc6 27. Rfd1 Rcd6 28. exd4 cxd4 29. Kg2 Kf6 30. Kf3 Ke5 31. Re2+ Kd5 32. Re7 R8d7 33. Re8 Rb7 34. b3 Rc7 35. Rd3 Rc3 36. Ke2 Rc2+ 37. Rd2 Re6+ 38. Rxe6 Rxd2+ 39. Kxd2 fxe6 40. Kd3 e5 41. f3 g5 42. b4 a6 43. a3 h5 44. g4 h4 45. a4 Kd6 46. Ke4 Kc6 47. Kd3 Kd5 48. Kd2 Kc4 49. b5 axb5 50. a5 Kc5 51. Kd3 Kc6 52. f4 exf4 53. Kxd4 Kb7 54. Ke4 Ka6 55. Kf5 f3 56. Kxg5 f2 57. Kxh4 f1=Q 58. g5 b4 59. g6 b3 60. g7 Qf6+ 61. Kh5 Qxg7 62. h4 Qf7+ 63. Kh6 Kb5 64. h5 b2 65. a6 b1=Q 66. a7 Qbh7+ 67. Kg5 Qhxh5# 0-1


[Site "https://www.chess.com"]

[Event "Titled Tuesday Blitz January 10 Early 2023"]
[White "Ljukin, Sergei"]
[Black "Ilkhomi, Jaloliddin"]
[WhiteFideId "14102200"]
[BlackFideId "14700948"]
[WhiteElo "2362"]
[BlackElo "1997"]
[Result "0-1"]
[Round "09"]
[TimeControl "180+2"]
[Date "2023.01.10"]
[WhiteClock "0:00:03"]
[BlackClock "0:00:07"]

1. e4 e6 2. d4 d5 3. Nc3 Bb4 4. e5 c5 5. a3 Bxc3+ 6. bxc3 Qa5 7. Bd2 Qa4 8. Qg4 Kf8 9. Nf3 Nc6 10. Be2 Nge7 11. O-O Qxc2 12. Rfe1 Bd7 13. dxc5 Rd8 14. Rab1 Bc8 15. Qf4 Ng6 16. Qg3 Ncxe5 17. Nxe5 Qxd2 18. Rbd1 Qh6 19. Nd3 Qh4 20. Qc7 Qe7 21. Qb8 a6 22. c4 d4 23. Bf3 Nh4 24. Ne5 Nxf3+ 25. Nxf3 d3 26. Re3 g6 27. Rexd3 Rxd3 28. Rxd3 Kg7 29. Qe5+ f6 30. Qe3 e5 31. h4 Bf5 32. Rd6 Rd8 33. Qd2 Rc8 34. Qe3 Bg4 35. h5 Bxh5 0-1


[Site "https://www.chess.com"]

[Event "Titled Tuesday Blitz January 10 Early 2023"]
[White "Shohat, Yotam"]
[Black "Csonka, Balazs"]
[WhiteFideId "2813955"]
[BlackFideId "742910"]
[WhiteElo "2346"]
[BlackElo "2496"]
[Result "1-0"]
[Round "09"]
[TimeControl "180+2"]
[Date "2023.01.10"]
[WhiteClock "0:00:06"]
[BlackClock "0:00:02"]

1. d4 Nf6 2. Bg5 e6 3. e4 h6 4. Bxf6 Qxf6 5. Nc3 d6 6. Nf3 g6 7. Bd3 Bg7 8. Qe2 Nc6 9. O-O-O O-O 10. Bb5 Bd7 11. Kb1 a6 12. Ba4 b5 13. Bb3 Na5 14. e5 Qe7 15. h4 Rfc8 16. Ne4 Bc6 17. h5 g5 18. Nfxg5 Nxb3 19. axb3 hxg5 20. h6 Bh8 21. h7+ Kf8 22. f4 Bxe4 23. Qxe4 Rd8 24. Rdf1 gxf4 25. Qxf4 dxe5 26. dxe5 Rd5 27. Qg4 Ke8 28. Qg8+ Kd7 29. Qxa8 Bxe5 30. h8=Q Bxh8 31. Qxh8 Kc6 32. Qc3+ Kb7 33. Qf3 Qd7 34. Rd1 c6 35. Rxd5 cxd5 36. Rh7 1-0


[Site "https://www.chess.com"]

[Event "Titled Tuesday Blitz January 10 Early 2023"]
[White "Ortega Ruiz, Jose Miguel"]
[Black "Liyanage, Ranindu Dilshan"]
[WhiteFideId "2209713"]
[BlackFideId "9915834"]
[WhiteElo "2351"]
[BlackElo "2342"]
[Result "1-0"]
[Round "09"]
[TimeControl "180+2"]
[Date "2023.01.10"]
[WhiteClock "0:01:24"]
[BlackClock "0:00:59"]

1. g3 Nf6 2. Bg2 e6 3. d4 d5 4. c4 dxc4 5. Qc2 c5 6. dxc5 Bxc5 7. Nf3 Nbd7 8. O-O Qc7 9. Nc3 a6 10. Bf4 e5 11. Bg5 O-O 12. Rfd1 h6 13. Bxf6 Nxf6 14. Ne4 Nxe4 15. Qxe4 Re8 16. Rac1 Qb6 17. e3 Qxb2 18. Qxc4 Ba7 19. Rb1 Qa3 20. Qc2 Qe7 21. Rd5 f6 22. Nh4 Be6 23. Rd3 Rac8 24. Qb2 b5 25. Be4 Rc4 26. Bg6 Rec8 27. Rbd1 Bg4 28. R1d2 Qb7 29. Rd8+ 1-0


[Site "https://www.chess.com"]

[Event "Titled Tuesday Blitz January 10 Early 2023"]
[White "Sattarov, Bobir"]
[Black "Tymrakiewicz, Rafal"]
[WhiteFideId "14203081"]
[BlackFideId "1108832"]
[WhiteElo "2366"]
[BlackElo "2144"]
[Result "1-0"]
[Round "09"]
[TimeControl "180+2"]
[Date "2023.01.10"]
[WhiteClock "0:00:54"]
[BlackClock "0:00:02"]

1. e4 Nf6 2. e5 Nd5 3. c4 Nb6 4. d4 d6 5. exd6 cxd6 6. Nc3 g6 7. Be3 Bg7 8. Rc1 O-O 9. b3 Bf5 10. Be2 d5 11. c5 Nc8 12. Bf3 e6 13. g4 Be4 14. Nxe4 dxe4 15. Bxe4 Nc6 16. Ne2 N8e7 17. Qd2 Nd5 18. O-O Qh4 19. Bxd5 exd5 20. f3 Rfe8 21. Rce1 Qh3 22. Nf4 Qh4 23. Kg2 Rad8 24. b4 a6 25. a4 h5 26. h3 Qf6 27. Ne2 Qe6 28. Bf2 Qf6 29. b5 axb5 30. axb5 Ne7 31. Be3 Qe6 32. Bg5 f6 33. Bf4 Qf7 34. Nc3 g5 35. Bg3 Ng6 36. Rxe8+ Rxe8 37. Re1 Rxe1 38. Qxe1 h4 39. Bd6 f5 40. Qe3 fxg4 41. fxg4 Nf4+ 42. Bxf4 gxf4 43. Qd3 f3+ 44. Qxf3 Qxf3+ 45. Kxf3 Bxd4 46. c6 bxc6 47. bxc6 Be5 48. Nxd5 Kf7 49. c7 Bxc7 50. Nxc7 Kg6 51. Nb5 Kg5 52. Nd4 Kh6 53. Nf5+ Kg5 54. Nxh4 Kxh4 55. Kf4 1-0


[Site "https://www.chess.com"]

[Event "Titled Tuesday Blitz January 10 Early 2023"]
[White "Goldin, Roman"]
[Black "Barria Zuniga, Daniel"]
[WhiteFideId "2803860"]
[BlackFideId "3400816"]
[WhiteElo "2322"]
[BlackElo "2341"]
[Result "0-1"]
[Round "09"]
[TimeControl "180+2"]
[Date "2023.01.10"]
[WhiteClock "0:00:07"]
[BlackClock "0:00:52"]

1. Nf3 g6 2. e4 Bg7 3. d4 c5 4. d5 d6 5. Nc3 Nf6 6. Be2 O-O 7. O-O Na6 8. Nd2 Nc7 9. a4 b6 10. Re1 a6 11. Nc4 Rb8 12. Bf1 b5 13. axb5 axb5 14. Na5 Bd7 15. f4 b4 16. Nb1 Ra8 17. Nd2 Ncxd5 18. exd5 Rxa5 19. Rxa5 Qxa5 20. Rxe7 Qd8 21. Re1 Nxd5 22. Nf3 Bc6 23. f5 Qd7 24. fxg6 hxg6 25. Ng5 Qf5 26. Bd3 Qd7 27. Qf3 Nf6 28. Qg3 Re8 29. Rf1 Nh5 30. Qh4 f5 31. Bxf5 Bd4+ 32. Kh1 Rf8 0-1


[Site "https://www.chess.com"]

[Event "Titled Tuesday Blitz January 10 Early 2023"]
[White "Luukkonen, Tommi"]
[Black "Demin, Vladimir"]
[WhiteFideId "501808"]
[BlackFideId "4167457"]
[WhiteElo "2292"]
[BlackElo "2430"]
[Result "0-1"]
[Round "09"]
[TimeControl "180+2"]
[Date "2023.01.10"]
[WhiteClock "0:01:48"]
[BlackClock "0:01:10"]

1. d4 Nf6 2. Nc3 d5 3. Bf4 a6 4. e3 e6 5. h4 b5 6. g4 Bb4 7. f3 Bb7 8. h5 c5 9. h6 g6 10. Ne2 Nc6 11. a3 cxd4 12. axb4 dxc3 13. bxc3 e5 14. Bg5 O-O 15. Kf2 Nxg4+ 16. fxg4 Qxg5 17. Ng3 Rad8 18. Kg2 Qxe3 19. Qd3 Qf4 20. Be2 d4 21. Bf3 dxc3 22. Qxc3 Rd2+ 23. Ne2 Rxe2+ 24. Bxe2 Nd4+ 25. Kh3 Nxe2 0-1


[Site "https://www.chess.com"]

[Event "Titled Tuesday Blitz January 10 Early 2023"]
[White "Novikov, Evgenij"]
[Black "Szpar, Milosz"]
[WhiteFideId "4125380"]
[BlackFideId "1184989"]
[WhiteElo "2276"]
[BlackElo "2447"]
[Result "0-1"]
[Round "09"]
[TimeControl "180+2"]
[Date "2023.01.10"]
[WhiteClock "0:00:01"]
[BlackClock "0:02:00"]

1. d4 Nf6 2. c4 c5 3. d5 e6 4. Nc3 exd5 5. cxd5 d6 6. Nf3 g6 7. e3 Bg7 8. Be2 O-O 9. O-O Na6 10. a4 Nb4 11. Ne1 Bf5 12. f3 Nh5 13. g4 Bxg4 14. fxg4 Nf6 15. Bf3 Nd7 16. Nc2 Ne5 17. Be2 Qh4 18. Nxb4 cxb4 19. Ne4 f5 20. Nxd6 fxg4 21. Rf4 g5 22. Rxf8+ Rxf8 23. Ne4 Nf3+ 24. Bxf3 gxf3 25. Ng3 Be5 26. Qf1 Bxg3 27. hxg3 Qxg3+ 28. Kh1 Rf6 0-1


[Site "https://www.chess.com"]

[Event "Titled Tuesday Blitz January 10 Early 2023"]
[White "Jaskolka, Tomasz"]
[Black "Oro, Faustino"]
[WhiteFideId "1170791"]
[BlackFideId "20000197"]
[WhiteElo "2238"]
[BlackElo "2269"]
[Result "0-1"]
[Round "09"]
[TimeControl "180+2"]
[Date "2023.01.10"]
[WhiteClock "0:00:06"]
[BlackClock "0:00:19"]

1. d4 Nf6 2. c4 e6 3. g3 d5 4. Bg2 Be7 5. Nf3 O-O 6. O-O dxc4 7. Qc2 a6 8. a4 Bd7 9. Qxc4 Bc6 10. Bg5 a5 11. Rc1 Na6 12. Nc3 Nb4 13. Ne5 Bxg2 14. Kxg2 c6 15. Bxf6 Bxf6 16. Ne4 Be7 17. e3 Qc7 18. Nc5 Bxc5 19. Qxc5 f6 20. Nf3 Nd3 21. Qc4 Nxc1 22. Qxe6+ Kh8 23. Rxc1 Rfe8 24. Qf5 Qb6 25. Rc2 Rad8 26. h4 Qb3 27. Rc5 Rd5 28. Qg4 Rxc5 29. dxc5 Qd5 30. Qd4 Qxd4 31. Nxd4 Re5 32. Nb3 Re4 33. Nxa5 Rb4 34. b3 Kg8 35. Kf3 Kf7 36. e4 Ke7 37. Ke3 Kd7 38. Kd3 b6 39. cxb6 Rxb6 40. Kc3 c5 41. Nc4 Rb4 42. f4 Kc6 43. e5 fxe5 44. Nxe5+ Kd5 45. Nc4 Rb8 46. Ne3+ Kc6 47. Nf5 g6 48. Ne3 Re8 49. Nc4 Re2 50. Ne5+ Kb6 51. Nd7+ Kc6 52. Nf6 h5 53. Kd3 Rg2 54. Ne4 Rg1 55. a5 Ra1 56. Ng5 Rxa5 57. Nf3 Kd5 58. Ne5 Ra6 59. Nf3 Rb6 60. Ne5 Rxb3+ 61. Ke2 Rxg3 62. Nf7 Ke4 63. Nd6+ Kxf4 64. Nb7 c4 65. Nc5 c3 66. Ne6+ Kg4 67. Nd4 Kxh4 68. Kf2 Kg4 69. Ne2 Rd3 70. Nc1 Rd2+ 71. Ke3 Rh2 72. Kd3 c2 73. Nb3 Rh3+ 74. Kxc2 Rxb3 75. Kxb3 h4 76. Kc2 h3 77. Kd3 h2 78. Ke2 h1=Q 79. Kf2 Qe4 80. Kf1 Kg3 81. Kg1 Qb1# 0-1


[Site "https://www.chess.com"]

[Event "Titled Tuesday Blitz January 10 Early 2023"]
[White "Bodnaruk, Anastasia"]
[Black "Chernomordik, Pavel"]
[WhiteFideId "4181751"]
[BlackFideId "2804530"]
[WhiteElo "2350"]
[BlackElo "2150"]
[Result "1-0"]
[Round "09"]
[TimeControl "180+2"]
[Date "2023.01.10"]
[WhiteClock "0:00:09"]
[BlackClock "0:00:01"]

1. e4 g6 2. d4 Bg7 3. Nc3 d6 4. Be3 a6 5. Qd2 b5 6. h4 h5 7. O-O-O Nd7 8. Nh3 Nb6 9. Ng5 Bb7 10. f4 Nh6 11. Be2 Ng4 12. Bxg4 hxg4 13. f5 gxf5 14. exf5 b4 15. Ne2 Nd5 16. Nf4 Qd7 17. Rdf1 Nxf4 18. Rxf4 Bd5 19. Qxb4 Bxg2 20. Rg1 Bd5 21. Rgxg4 O-O-O 22. Bd2 Qc6 23. Rg3 Bh6 24. Rc3 Qb5 25. Qxb5 axb5 26. b3 Bxg5 27. hxg5 Rh1+ 28. Kb2 Rh2 29. Rd3 Rg8 30. Rg4 Rh5 31. Rdg3 Rh2 32. Bc1 Rf2 33. g6 Rxf5 34. g7 Rf2 35. Rh4 f5 36. Rh8 f4 37. Rgh3 Kd7 38. Rxg8 Bxg8 39. Rh8 Bd5 40. g8=Q Bxg8 41. Rxg8 e5 42. dxe5 dxe5 43. Rf8 f3 44. Kc3 Ke6 45. Be3 Rf1 46. Kd3 Kd5 47. Rd8+ Kc6 48. Ke4 1-0


[Site "https://www.chess.com"]

[Event "Titled Tuesday Blitz January 10 Early 2023"]
[White "Wahedi, Ahmad Siar"]
[Black "Sourath Biswas"]
[WhiteFideId "4651260"]
[BlackFideId "35091484"]
[WhiteElo "2274"]
[BlackElo "2281"]
[Result "0-1"]
[Round "09"]
[TimeControl "180+2"]
[Date "2023.01.10"]
[WhiteClock "0:00:19"]
[BlackClock "0:01:21"]

1. e4 c6 2. d4 d5 3. e5 Bf5 4. h4 h5 5. Bd3 Bxd3 6. Qxd3 Qa5+ 7. Nd2 e6 8. Nf3 Nh6 9. b3 Nf5 10. O-O Be7 11. g3 O-O 12. c4 Rd8 13. a4 c5 14. Ba3 Nc6 15. cxd5 Rxd5 16. Nc4 Qd8 17. Ne3 Nxe5 18. Nxe5 Rxe5 19. Qb5 Nxd4 20. Qxb7 Rb8 21. Qxa7 Rxb3 22. Nc4 Re4 23. Nd2 Ne2+ 24. Kh2 Qxd2 25. Qa8+ Bf8 26. Qxe4 Nxg3 27. Qa8 Nxf1+ 28. Kg1 Qd4 29. Bxc5 Qxc5 30. Kxf1 Qc4+ 31. Kg1 Qd4 32. Rc1 Rg3+ 33. Kf1 Qd3+ 34. Ke1 Rg1# 0-1


[Site "https://www.chess.com"]